 Dungeon Crawl Stone Soup version 0.26.0-10-g1f06aea511 (webtiles) character file.

Game seed: 6668245652709709473

646508 gruber the Opulent (level 27, 0/222 HPs)
             Began as a Gnoll Wanderer on Feb 1, 2021.
             Was an Initiate of Gozag.
             Slain by a tentacled monstrosity (2 damage)
             ... on level 5 of the Realm of Zot.
             The game lasted 03:05:07 (130825 turns).

gruber the Opulent (Gnoll Wanderer)               Turns: 130825, Time: 03:05:08

Health: 0/222      AC: 25    Str: 18 (19) XL:     27
Magic:  0/55       EV:  8    Int: 37      God:    Gozag
Gold:   6993       SH:  0    Dex: 24      Spells: 44/64 levels left

rFire    + + .     SeeInvis +   q - +9 lajatang (speed)
rCold    + + +     Faith    .   (shield currently unavailable)
rNeg     + . .     Spirit   +   x - +5 scale mail of the Pits of Slime {rElec rF+ Str-2 Int+4}
rPois    +         Reflect  .   Z - +2 hat of the Bear Spirit {Spirit, +Rage rN+ Will++}
rElec    +         Harm     .   w - scarf {rC+ rF+}
rCorr    .         Rampage  .   N - +2 pair of gloves of Feasting {rF- rC+ Str+3 Int+4}
Will     +++++     Rnd*Rage +   t - +2 pair of boots {Fly} Stlth ++........Rnd*Tele +
                                Y - amulet "Umma Cyath" {RegenMP +Fly SInv}
HPRegen  0.47/turn              n - ring "Eleillubi" {rF+ Will+ MP+9 Int+3 Dex+4}
MPRegen  0.59/turn              h - ring of Autumn {rPois rC+ Will+ Str+4 Dex+3}

@: confused, marked, gold aura, vertigo, flying, held, constricted, studying 2
skills
A: distributed training, fangs 1, agile 1, berserk 1, deterioration 2,
teleportitis 1, weak 1, strong nose
}: 3/15 runes: serpentine, barnacled, slimy
a: Stop Flying, Renounce Religion, Evoke Berserk Rage, Potion Petition, Call
Merchant, Bribe Branch


You were on level 5 of the Realm of Zot.
You worshipped Gozag.
Gozag was greatly pleased with you.
You visited 12 branches of the dungeon, and saw 57 of its levels.
You also visited: Bailey and Gauntlet.

You collected 31731 gold pieces.
You spent 5061 gold pieces at shops.
You paid 19677 gold pieces to Gozag.

Inventory:

Hand Weapons
 e - the +7 arbalest of the Omega Point {freeze, rPois}
   (You bought it in a shop on level 3 of the Snake Pit)

   It causes projectiles fired from it to freeze those they strike, causing
   extra injury to most foes and up to half again as much damage against
   particularly susceptible opponents.
   They can also slow down cold-blooded creatures.
   It protects you from poison.
 q - a +9 lajatang of speed (weapon)
 z - a +5 long sword of flaming
Missiles
 i - 1020 bolts
 U - 68 javelins (quivered)
 V - 15 curare-tipped darts
Armour
 t - a +2 pair of boots of flying (worn)
 w - a scarf of resistance (worn)
 x - the +5 scale mail of the Pits of Slime (worn) {rElec rF+ Str-2 Int+4}
   (You bought it in a shop on level 1 of the Lair of Beasts)

   It affects your strength (-2).
   It affects your intelligence (+4).
   It protects you from fire.
   It insulates you from electricity.
 A - quicksilver dragon scales
 N - the +2 pair of gloves of Feasting (worn) {rF- rC+ Str+3 Int+4}
   (You bought it in a shop on level 1 of the Lair of Beasts)

   It affects your strength (+3).
   It affects your intelligence (+4).
   It makes you vulnerable to fire.
   It protects you from cold.
 Z - the +2 hat of the Bear Spirit (worn) {Spirit, +Rage rN+ Will++}
   (You bought it in a shop on level 9 of the Dungeon)

   It protects you from negative energy.
   It affects your willpower, your defense against some magical effects.
   It lets you go berserk.
Jewellery
 h - the ring of Autumn (right hand) {rPois rC+ Will+ Str+4 Dex+3}
   (You bought it in a shop on level 1 of the Lair of Beasts)

   [ring of poison resistance]

   It affects your strength (+4).
   It affects your dexterity (+3).
   It protects you from cold.
   It protects you from poison.
   It affects your willpower, your defense against some magical effects.
 n - the ring "Eleillubi" (left hand) {rF+ Will+ MP+9 Int+3 Dex+4}
   (You found it on level 6 of the Lair of Beasts)

   [ring of willpower]

   It affects your intelligence (+3).
   It affects your dexterity (+4).
   It protects you from fire.
   It affects your willpower, your defense against some magical effects.
   It affects your magic capacity (+9).
 T - an uncursed ring of resist corrosion
 X - an uncursed ring of willpower
 Y - the amulet "Umma Cyath" (around neck) {RegenMP +Fly SInv}
   (You found it in a Gauntlet)

   [amulet of magic regeneration]

   It increases your magic regeneration.
   It lets you see invisible.
   It lets you fly.
Wands
 l - a wand of polymorph (7)
 o - a wand of acid (33)
 C - a wand of iceblast (37)
 H - a wand of digging (26)
 M - a wand of paralysis (59)
 O - a wand of flame (114)
 R - a wand of disintegration (92)
Scrolls
 d - 4 scrolls of fog
 f - 31 scrolls of remove curse
 g - 22 scrolls of identify
 k - 5 scrolls of summoning
 s - 30 scrolls of teleportation
 u - 9 scrolls of blinking
 v - 4 scrolls of magic mapping
 y - 3 scrolls of silence
 B - a scroll of holy word
 I - 5 scrolls of enchant armour
 L - 8 scrolls of fear
 Q - a scroll of amnesia
Potions
 a - 11 potions of brilliance
 b - 20 potions of curing
 c - 12 potions of lignification
 j - 13 potions of heal wounds
 m - 3 potions of resistance
 p - 8 potions of cancellation
 r - 3 potions of ambrosia
 E - 9 potions of berserk rage
 F - 9 potions of haste
 J - 4 potions of invisibility
 K - 3 potions of magic
 P - 9 potions of flight
 W - 3 potions of might
Books
 D - a manual of Evocations
 G - a manual of Invocations
Miscellaneous
 S - a phial of floods


   Skills:
 + Level 19.4 Fighting
 + Level 18.6 Short Blades
 + Level 18.6 Long Blades
 + Level 18.6 Axes
 + Level 18.6 Maces & Flails
 + Level 18.8 Polearms
 + Level 18.6 Staves
 + Level 18.6 Slings
 + Level 18.6 Bows
 + Level 18.6 Crossbows
 + Level 18.8 Throwing
 + Level 18.6 Armour
 + Level 18.6 Dodging
 + Level 18.8 Stealth
 + Level 18.6 Shields
 + Level 18.6 Unarmed Combat
 + Level 19.1 Spellcasting
 + Level 16.2 Conjurations
 + Level 16.1 Hexes
 + Level 16.1 Summonings
 + Level 16.1 Necromancy
 + Level 16.1 Translocations
 + Level 16.1 Transmutations
 + Level 16.1 Fire Magic
 + Level 16.1 Ice Magic
 + Level 16.1 Air Magic
 + Level 16.1 Earth Magic
 + Level 16.1 Poison Magic
 + Level 21.1 Invocations
 + Level 20.4 Evocations


You had 44 spell levels left.
You knew the following spells:

 Your Spells              Type           Power        Failure   Level
a - Petrify               Tmut/Erth      100%         1%          4
b - Blink                 Tloc           N/A          1%          2
c - Borgnjor's Vile Clut  Necr/Erth      50%          1%          5
d - Ignition              Fire           50%          28%         8
e - Apportation           Tloc           100%         1%          1

Your spell library contained the following spells:

 Spells                   Type           Power        Failure   Level
 Animate Skeleton         Necr           100%         1%          1
 Beastly Appendage        Tmut           100%         1%          1
 Corona                   Hex            100%         1%          1
 Foxfire                  Conj/Fire      100%         1%          1
 Freeze                   Ice            100%         1%          1
 Magic Dart               Conj           100%         1%          1
 Pain                     Necr           100%         1%          1
 Sandblast                Erth           100%         1%          1
 Shock                    Conj/Air       100%         1%          1
 Sting                    Tmut/Pois      100%         1%          1
 Summon Small Mammal      Summ           100%         1%          1
 Call Imp                 Summ           100%         1%          2
 Corpse Rot               Necr/Air       N/A          1%          2
 Ensorcelled Hibernation  Hex/Ice        100%         1%          2
 Passwall                 Tmut/Erth      84%          1%          2
 Poisonous Vapours        Pois/Air       100%         1%          2
 Searing Ray              Conj           100%         1%          2
 Slow                     Hex            100%         1%          2
 Sublimation of Blood     Necr           50%          1%          2
 Swiftness                Air            100%         1%          2
 Wereblood                Tmut           100%         1%          2
 Call Canine Familiar     Summ           100%         1%          3
 Confusing Touch          Hex            100%         1%          3
 Conjure Flame            Conj/Fire      100%         1%          3
 Dazzling Flash           Conj/Hex       100%         1%          3
 Frozen Ramparts          Ice            100%         1%          3
 Gell's Gravitas          Tloc           50%          1%          3
 Ignite Poison            Fire/Tmut/Pois 100%         1%          3
 Inner Flame              Hex/Fire       100%         1%          3
 Lesser Beckoning         Tloc           50%          1%          3
 Mephitic Cloud           Conj/Pois/Air  100%         1%          3
 Ozocubu's Armour         Ice            100%         1%          3
 Portal Projectile        Hex/Tloc       100%         1%          3
 Spider Form              Tmut/Pois      50%          1%          3
 Static Discharge         Conj/Air       100%         1%          3
 Stone Arrow              Conj/Erth      100%         1%          3
 Summon Guardian Golem    Hex/Summ       100%         1%          3
 Teleport Other           Tloc           100%         1%          3
 Tukima's Dance           Hex            100%         1%          3
 Vampiric Draining        Necr           50%          1%          3
 Airstrike                Air            50%          1%          4
 Animate Dead             Necr           50%          1%          4
 Cause Fear               Hex            50%          1%          4
 Dispel Undead            Necr           100%         1%          4
 Hailstorm                Conj/Ice       100%         1%          4
 Ice Form                 Ice/Tmut       100%         1%          4
 Leda's Liquefaction      Hex/Erth       50%          1%          4
 Olgreb's Toxic Radiance  Pois           100%         1%          4
 Passage of Golubria      Tloc           N/A          1%          4
 Sticky Flame             Conj/Fire      100%         1%          4
 Summon Ice Beast         Ice/Summ       100%         1%          4
 Summon Lightning Spire   Summ/Air       100%         1%          4
 Alistair's Intoxication  Tmut/Pois      67%          1%          5
 Blade Hands              Tmut           50%          1%          5
 Bolt of Magma            Conj/Fire/Erth 50%          1%          5
 Excruciating Wounds      Necr           50%          1%          5
 Fireball                 Conj/Fire      50%          1%          5
 Irradiate                Conj/Tmut      50%          1%          5
 Iskenderun's Battlesphe  Conj           100%         1%          5
 Lee's Rapid Deconstruct  Erth           50%          1%          5
 Lightning Bolt           Conj/Air       50%          1%          5
 Metabolic Englaciation   Hex/Ice        50%          1%          5
 Silence                  Hex/Air        50%          1%          5
 Summon Demon             Summ           50%          1%          5
 Summon Forest            Summ/Tloc      50%          1%          5
 Summon Mana Viper        Hex/Summ       100%         1%          5
 Yara's Violent Unravell  Hex/Tmut       50%          1%          5
 Conjure Ball Lightning   Conj/Air       50%          1%          6
 Death Channel            Necr           50%          1%          6
 Dispersal                Tloc           50%          1%          6
 Eringya's Noxious Bog    Tmut/Pois      50%          1%          6
 Hydra Form               Tmut           50%          1%          6
 Invisibility             Hex            100%         1%          6
 Iron Shot                Conj/Erth      50%          1%          6
 Shadow Creatures         Summ           N/A          1%          6
 Simulacrum               Ice/Necr       50%          1%          6
 Starburst                Conj/Fire      50%          1%          6
 Statue Form              Tmut/Erth      67%          1%          6
 Dragon Form              Tmut           50%          5%          7
 Haunt                    Necr/Summ      50%          5%          7
 Orb of Destruction       Conj           51%          5%          7
 Spellforged Servitor     Conj/Summ      50%          5%          7
 Summon Hydra             Summ           50%          5%          7
 Borgnjor's Revivificati  Necr           50%          28%         8
 Discord                  Hex            50%          28%         8
 Disjunction              Tloc           50%          28%         8
 Infestation              Necr           50%          28%         8
 Necromutation            Tmut/Necr      50%          28%         8
 Death's Door             Necr           50%          97%         9
 Shatter                  Erth           50%          97%         9
 Tornado                  Air            50%          97%         9


Dungeon Overview and Level Annotations

Branches:
Dungeon (15/15)            Temple (1/1) D:6            Lair (6/6) D:10
 Shoals (4/4) Lair:2        Snake (4/4) Lair:4        Slime (5/5) Lair:5
    Orc (2/2) D:10            Elf (3/3) Orc:2        Vaults (4/5) D:13
  Crypt (3/3) Vaults:3       Tomb (0/3) Crypt:3      Depths (5/5) D:15
    Zot (5/5) Depths:5     Bailey (visited)         Gauntlet (visited)

Altars:
Dithmenos
Fedhas
Gozag
Kikubaaqudgha
Okawaru
Qazlal
Ru
Sif Muna
Trog
Yredelemnul
Zin
The Shining One
Beogh
Jiyva

Shops:
D:7 *   D:9 [   D:12 =}   D:14 *   Orc:2 =*[(   Lair:1 [[=*?   Shoals:1 :
Shoals:3 *   Shoals:4 }?   Snake:1 =   Snake:3 *[=(   Vaults:3 *   Vaults:4 =
Depths:2 (=[

Portals:
Hell: Depths:1 Depths:2 Depths:3 Depths:4 Depths:5
Abyss: Depths:3 Depths:4
Pandemonium: Depths:1 Depths:3 Depths:5
Ziggurat: Depths:1
Trove: Vaults:3 (give 6 scrolls of fog)

Annotations:
D:3 1 runed translucent door
D:7 Harold
D:12 exclusion: oklob sapling
Lair:1 exclusion: 2 oklob plants
Lair:3 exclusion: 2 oklob plants
Lair:4 exclusion: oklob plant
Vaults:1 1 transporter
Crypt:1 3 runed translucent doors, Houmnergh's ghost, master GnTm
Zot:5 exclusion: obsidian statue


Innate Abilities, Weirdness & Mutations

Your experience applies equally to all skills.
You have very sharp teeth.
Your uncanny sense of smell can sniff out nearby items.
You are agile. (Dex +2)
You tend to lose your temper in combat.
Your body often deteriorates upon taking damage.
You are occasionally teleported next to monsters.
You are weak. (Str -2)


Message History

The tentacled monstrosity tentacle-slaps you but does no damage.
The tentacled monstrosity tentacle-slaps you!
* * * LOW HITPOINT WARNING * * *
The tentacled monstrosity tentacle-slaps you but does no damage.
* * * LOW HITPOINT WARNING * * *
The tentacled monstrosity constricts you.
The rime drake closely misses you.
The ancient lich becomes distracted by your gold, dreaming of imaginary riches.
The moth of wrath bites you but does no damage.
An Orb Guardian comes into view.
Unknown command.
Unknown command.
Unknown command.
You struggle against the net.
The ancient lich is no longer distracted by gold.
The death drake is no longer distracted by gold.
An electric golem comes into view.
The tentacled monstrosity tentacle-slaps you.
You die...
Your body crumbles into a pile of gold.

##........^.....
#...............
#.^.............
#...............
#.(..d...^....^.
#^........L.....
#......lq....^..
#....qXk.....^.
##...yX@*.^....
..X...kX.........
▓▓▓▓▓▓▓▓▓▓▓##8y5.
∆8.. .. ... . ▓▓
y..∆ ..▓▓ .*.?
...▓▓.....


You could see an orb of fire, an electric golem, a tentacled monstrosity, a
purple draconian monk (catching breath), an ancient lich (unaware), a black
draconian, a yellow draconian stormcaller, 3 Orb Guardians, a death drake
(summoned), an obsidian statue, 2 moths of wrath, a komodo dragon (summoned), a
rime drake (summoned) and an ufetubus (summoned).

Vanquished Creatures
  the Royal Jelly (Slime:5)
  An ancient lich (Depths:2)
  4 orbs of fire
  A juggernaut (Depths:5)
  Frederick (Vaults:2)
  2 Killer Klowns (Zot:3)
  5 curse toes
  Margery (Vaults:2)
  2 caustic shrikes
  Bai Suzhen (Crypt:2)
  Jory (Vaults:4)
  Nikola (Shoals:3)
  7 golden dragons
  2 bone dragons
  Jorgrun (Shoals:3)
  18 tentacled monstrosities
  4 deep elf master archers (Elf:3)
  3 titans
  9 liches
  3 deep elf blademasters
  4 quicksilver dragons
  6 sphinxes
  7 death cobs
  A sphinx (shapeshifter) (Vaults:3)
  A kraken (Shoals:2)
  7 ancient champions
  Frances (Lair:4)
  17 acid blobs
  Agnes (D:14)
  11 storm dragons
  3 tengu reavers
  Donald (Shoals:3)
  6 shadow dragons
  Roxanne (D:14)
  2 revenants (Crypt:2)
  6 draconian monks
  9 nagarajas
  14 frost giants
  2 fire giants
  5 draconian knights
  11 azure jellies
  Louise (Shoals:3)
  2 orc warlords
  9 vault wardens
  4 draconian scorchers
  A ghost moth (Zot:1)
  An iron dragon (Depths:4)
  Aizul (Lair:4)
  5 deep elf sorcerers
  17 ghouls
  A draconian stormcaller (Zot:1)
  8 ironheart preservers
  The ghost of Jaliuk the Eclecticist, a journeyman DECj of Vehumet (D:14)
  4 curse skulls
  A caustic shrike skeleton (Crypt:1)
  4 spriggan defenders (Depths:4)
  3 draconian shifters (Zot:1)
  5 deep elf elementalists (Elf:3)
  18 very ugly things
  2 reapers
  A juggernaut skeleton (Crypt:3)
  2 draconian annihilators
  6 deep elf demonologists
  21 stone giants
  8 green draconians
  9 vampire knights
  10 black draconians
  The ghost of SamuraiZach the Brawler, a journeyman TrFi of Wu Jian (Lair:2)
  7 deep elf annihilators
  8 purple draconians
  A dire elephant (Lair:6)
  3 red draconians
  An entropy weaver (Vaults:3)
  A minotaur (Gauntlet)
  2 spark wasps
  2 eidola
  7 white draconians
  6 yellow draconians
  8 ettins
  10 deep elf death magi
  3 merfolk javelineers
  11 death oozes
  A blizzard demon (Depths:2)
  An eleionoma (shapeshifter) (Vaults:3)
  12 merfolk impalers
  Fannar (D:10)
  12 fire dragons
  6 deep elf high priests
  4 vault guards (Vaults:3)
  13 jiangshi
  14 yaktaur captains
  14 naga warriors
  9 rakshasas
  13 ice dragons
  12 hydras
  3 spriggan air magi
  11 great orbs of eyes
  6 boulder beetles
  3 catoblepae
  5 merfolk avatars
  11 centaur warriors
  2 alligator snapping turtles (Shoals:4)
  20 anacondas
  6 satyrs
  2 death knights
  31 two-headed ogres
  A catoblepas (shapeshifter) (D:14)
  4 merfolk aquamancers
  5 deep troll earth magi
  10 deep troll shamans
  7 vampire magi
  8 ogre magi
  5 orc high priests
  5 tengu warriors
  3 spriggan berserkers
  8 death yaks (Lair:5)
  7 naga sharpshooters
  2 thrashing horrors (Gauntlet)
  The ghost of StoneSoupSpirit the Basher, a novice DsCK of Xom (D:9)
  5 shock serpents
  A sun demon (Zot:4)
  24 deep elf knights
  A large abomination (Gauntlet)
  A titan skeleton (Depths:4)
  18 skeletal warriors
  A soul eater (Crypt:3)
  Sonja (D:10)
  A death drake (Gauntlet)
  6 hell knights (Vaults:2)
  5 shadow wraiths
  A fire crab (shapeshifter) (Vaults:3)
  10 flayed ghosts
  A golden dragon zombie (Depths:4)
  2 salamander mystics
  6 unseen horrors
  A storm dragon skeleton (Crypt:1)
  13 sea snakes
  14 naga ritualists
  A swamp dragon (shapeshifter) (Depths:3)
  7 phantasmal warriors
  11 deep trolls
  6 glowing orange brains
  5 lindwurms
  A lindwurm (shapeshifter) (Depths:4)
  A wolf spider zombie (Gauntlet)
  10 wizards
  6 deep elf archers
  35 harpies
  7 bog bodies
  A tengu zombie (Depths:4)
  A golden dragon skeleton (Crypt:2)
  11 ironbrand convokers
  A mana viper (shapeshifter) (Elf:2)
  11 orc knights
  7 necromancers
  8 orc sorcerers
  66 deep elf magi
  12 mana vipers
  An iron dragon skeleton (Depths:4)
  6 wolf spiders
  15 fauns
  55 ugly things
  12 salamanders
  3 shining eyes
  2 tengu skeletons (Vaults:3)
  2 oklob plants (Lair:5)
  16 manticores
  6 elephants
  18 moths of wrath
  53 black mambas
  3 centaur zombies
  2 ice statues (Depths:2)
  11 merfolk sirens
  14 cyclopes
  Psyche (D:9)
  14 vault sentinels
  2 frost giant skeletons
  34 naga magi
  3 eyes of devastation
  5 water nymphs
  15 guardian serpents
  11 apocalypse crabs (Zot:4)
  3 gargoyles
  A storm dragon simulacrum (Depths:4)
  15 cane toads
  3 centaur skeletons
  A shock serpent skeleton (Crypt:3)
  11 freezing wraiths
  6 rime drakes
  2 kobold demonologists (D:12)
  An efreet (D:14)
  5 ice devils
  An emperor scorpion zombie (Crypt:3)
  51 yaktaurs
  A silent spectre (Vaults:1)
  14 komodo dragons
  4 tengu conjurers
  A human skeleton (Vaults:3)
  A meliai (shapeshifter) (Depths:3)
  A sea snake skeleton (Crypt:2)
  12 hornets
  A sphinx simulacrum (Vaults:4)
  14 trolls
  A tyrant leech (shapeshifter) (Vaults:2)
  A yaktaur skeleton (Vaults:4)
  Grinder (D:5)
  45 merfolk
  8 polar bears (Lair:6)
  A raiju (shapeshifter) (D:15)
  126 slime creatures
  6 wind drakes
  20 dream sheep
  A jumping spider zombie (Crypt:2)
  A dream sheep (shapeshifter) (Depths:3)
  2 human simulacra (Vaults:4)
  A stone giant simulacrum (Vaults:3)
  25 blink frogs
  9 snapping turtles
  3 air elementals
  2 alligator skeletons (Crypt:1)
  A fire dragon skeleton (Crypt:3)
  A flying skull (Crypt:3)
  A tarantella (shapeshifter) (D:15)
  11 spriggans
  6 wraiths
  A shadow (D:15)
  An ettin skeleton (Vaults:4)
  A human (shapeshifter) (Depths:2)
  4 wyverns
  2 vampires
  6 fire elementals
  A yak (shapeshifter) (Elf:1)
  15 water elementals
  3 basilisks
  9 golden eyes (Slime:4)
  69 yaks
  A vampire mosquito (D:12)
  A yaktaur simulacrum (Vaults:1)
  2 elf zombies
  An elf simulacrum (Depths:4)
  A swamp worm (shapeshifter) (Vaults:2)
  9 wargs
  A naga (shapeshifter) (Elf:3)
  48 nagas
  9 small abominations (Gauntlet)
  3 acid dragons
  A soldier ant (shapeshifter) (Vaults:3)
  20 water moccasins
  2 floating eyes (shapeshifter)
  4 floating eyes
  56 orc warriors
  A faun skeleton (Crypt:3)
  A hornet zombie (D:14)
  9 ice beasts
  5 sky beasts
  5 black bears
  2 dream sheep zombies
  A human zombie (Vaults:1)
  4 phantoms
  6 eyes of draining
  8 necrophages
  An eye of draining (shapeshifter) (Vaults:2)
  34 ogres
  15 wolves
  23 boggarts
  25 centaurs
  A wolf (shapeshifter) (D:12)
  7 big kobolds
  A fire crab zombie (Crypt:2)
  12 gnoll sergeants
  A wyvern zombie (D:14)
  22 bullfrogs
  An earth elemental (Elf:1)
  A hornet simulacrum (Gauntlet)
  6 scorpions
  A wyvern skeleton (D:15)
  A warg skeleton (Crypt:3)
  11 killer bees
  The ghost of StoneSoupSpirit the Chopper, a weakling DsCK of Xom (D:3)
  3 howler monkeys (D:6)
  8 wights
  6 electric eels
  A spriggan skeleton (Crypt:2)
  2 yak skeletons (Crypt:3)
  8 jellies
  A quasit (D:10)
  3 bullfrog zombies
  30 orc priests
  8 hounds
  A water moccasin simulacrum (Gauntlet)
  6 gnoll shamans (Bailey)
  41 orc wizards
  A bullfrog skeleton (D:10)
  Natasha (thrice) (D:3)
  8 iguanas
  15 worker ants
  7 hell rats (Lair:6)
  A bullfrog simulacrum (Gauntlet)
  A naga zombie (Crypt:1)
  2 centaur simulacra (Gauntlet)
  An acid dragon skeleton (Crypt:2)
  A naga skeleton (Crypt:2)
  A hound skeleton (D:7)
  A hound zombie (D:11)
  22 adders
  24 gnolls
  3 shadow imps
  4 white imps
  5 ufetubi
  5 worms
  2 dart slugs
  108 orcs
  4 giant cockroaches
  9 goblins
  6 hobgoblins
  15 kobolds
  4 quokkas
  13 ball pythons
  16 bats
  9 frilled lizards
  A giant cockroach zombie (Crypt:2)
  A jackal skeleton (D:5)
  An orc zombie (Crypt:3)
  5 rats
2618 creatures vanquished.

Vanquished Creatures (others)
  A rakshasa (Depths:1)
  24 dancing weapons
  A deep elf mage (Elf:1)
  An orc wizard (Orc:2)
  A hell rat (Lair:6)
  An orc (Orc:2)
  65 fungi
  163 plants
  4 tentacles (Shoals:2)
261 creatures vanquished.

Grand Total: 2879 creatures vanquished

Notes
Turn   | Place    | Note
-------+----------+-------------------------------------------
     0 | D:1      | gruber the Gnoll Wanderer began the quest for the Orb.
     0 | D:1      | gruber set off with the following items: a +2 spear, a
                  | potion of curing, a potion of lignification, a +0 robe
     0 | D:1      | Reached XP level 1. HP: 23/23 MP: 6/6
    84 | D:1      | Reached XP level 2. HP: 29/29 MP: 7/7
   541 | D:2      | Found a shadowy altar of Dithmenos.
   581 | D:2      | Reached XP level 3. HP: 35/35 MP: 9/9
   695 | D:2      | Reached skill level 5 in Spellcasting
   920 | D:2      | Reached skill level 1 in Invocations
  1129 | D:2      | Found an iron altar of Okawaru.
  1555 | D:3      | Reached skill level 1 in Short Blades
  1555 | D:3      | Reached skill level 1 in Long Blades
  1555 | D:3      | Reached skill level 1 in Axes
  1555 | D:3      | Reached skill level 1 in Maces & Flails
  1555 | D:3      | Reached skill level 1 in Staves
  1555 | D:3      | Reached skill level 1 in Slings
  1555 | D:3      | Reached skill level 1 in Bows
  1555 | D:3      | Reached skill level 1 in Crossbows
  1555 | D:3      | Reached skill level 1 in Armour
  1555 | D:3      | Reached skill level 1 in Dodging
  1555 | D:3      | Reached skill level 1 in Shields
  1555 | D:3      | Reached skill level 1 in Unarmed Combat
  1555 | D:3      | Reached XP level 4. HP: 29/41 MP: 11/11
  1566 | D:3      | Reached skill level 1 in Hexes
  1566 | D:3      | Reached skill level 1 in Summonings
  1566 | D:3      | Reached skill level 1 in Necromancy
  1566 | D:3      | Reached skill level 1 in Translocations
  1566 | D:3      | Reached skill level 1 in Transmutations
  1566 | D:3      | Reached skill level 1 in Fire Magic
  1566 | D:3      | Reached skill level 1 in Ice Magic
  1566 | D:3      | Reached skill level 1 in Air Magic
  1566 | D:3      | Reached skill level 1 in Earth Magic
  1566 | D:3      | Reached skill level 1 in Poison Magic
  1702 | D:3      | Noticed a bullfrog
  1703 | D:3      | Found a runed translucent door.
  1734 | D:3      | Noticed StoneSoupSpirit's ghost (weakling DsCK)
  1831 | D:3      | Reached XP level 5. HP: 34/47 MP: 12/12
  2791 | D:3      | Found a runed translucent door.
  2924 | D:3      | Reached skill level 2 in Invocations
  2924 | D:3      | Reached XP level 6. HP: 9/53 MP: 13/13
  3853 | D:3      | Noticed Natasha
  3864 | D:3      | Killed Natasha
  3993 | D:3      | Noticed Natasha
  4005 | D:3      | Killed Natasha
  4142 | D:3      | Noticed Natasha
  4155 | D:3      | Killed Natasha
  4245 | D:4      | Reached XP level 7. HP: 54/59 MP: 15/15
  4276 | D:4      | Found a faded altar of an unknown god.
  4276 | D:4      | Found a glowing silver altar of Zin.
  4325 | D:4      | Found a bloodstained altar of Trog.
  4329 | D:4      | Found a faded altar of an unknown god.
  4331 | D:4      | Found a stormy altar of Qazlal.
  5300 | D:5      | Entered Level 5 of the Dungeon
  5476 | D:5      | Noticed Grinder
  5490 | D:5      | Paralysed by Grinder for 5 turns
  5526 | D:5      | Paralysed by Grinder for 2 turns
  5527 | D:5      | Killed Grinder
  5528 | D:5      | Reached skill level 3 in Invocations
  5528 | D:5      | Reached XP level 8. HP: 60/67 MP: 16/16
  6494 | D:6      | Found a staircase to the Ecumenical Temple.
  6787 | D:6      | Got a jewelled buckler
  6793 | D:6      | Identified the cursed -1 buckler "Imnubb" {Int+3} (You
                  | found it on level 6 of the Dungeon)
  7047 | Temple   | Entered the Ecumenical Temple
  7059 | Temple   | Became a worshipper of Gozag Ym Sagoz the Greedy
  7507 | D:6      | Reached skill level 4 in Invocations
  7698 | D:6      | Reached XP level 9. HP: 70/72 MP: 18/18
  8195 | D:6      | Found a sacrificial altar of Ru.
  8633 | D:7      | Reached skill level 5 in Polearms
  8633 | D:7      | Reached skill level 5 in Throwing
  8633 | D:7      | Reached skill level 5 in Evocations
  9129 | D:7      | Reached skill level 5 in Stealth
  9504 | D:7      | Noticed Harold
  9893 | D:8      | Reached skill level 5 in Invocations
 10646 | D:8      | Reached XP level 10. HP: 35/80 MP: 20/20
 11154 | D:9      | Found Gissakhli's Antique Armour Boutique.
 11202 | D:9      | Noticed Psyche
 11235 | D:9      | Killed Psyche
 11236 | D:9      | Reached skill level 5 in Short Blades
 11236 | D:9      | Reached skill level 5 in Long Blades
 11236 | D:9      | Reached skill level 5 in Axes
 11236 | D:9      | Reached skill level 5 in Maces & Flails
 11236 | D:9      | Reached skill level 5 in Staves
 11236 | D:9      | Reached skill level 5 in Slings
 11236 | D:9      | Reached skill level 5 in Bows
 11236 | D:9      | Reached skill level 5 in Crossbows
 11236 | D:9      | Reached skill level 5 in Armour
 11236 | D:9      | Reached skill level 5 in Dodging
 11236 | D:9      | Reached skill level 5 in Shields
 11236 | D:9      | Reached skill level 5 in Unarmed Combat
 11430 | D:9      | Noticed StoneSoupSpirit's ghost (novice DsCK)
 11431 | D:9      | Found a runed translucent gate.
 11431 | D:9      | Found a runed translucent gate.
 11431 | D:9      | Found a runed translucent gate.
 11432 | D:9      | Noticed a ten-headed hydra
 12000 | D:10     | Entered Level 10 of the Dungeon
 12527 | D:10     | Noticed Sonja
 12744 | D:11     | Reached skill level 5 in Conjurations
 12911 | D:11     | Noticed a two-headed ogre
 12942 | D:11     | Killed a two-headed ogre
 12943 | D:11     | Reached skill level 6 in Invocations
 13048 | D:11     | Noticed a two-headed ogre
 13109 | D:11     | Noticed a four-headed hydra
 13124 | D:11     | Killed a two-headed ogre
 13125 | D:11     | Reached XP level 11. HP: 51/87 MP: 22/22
 13255 | D:11     | Killed a four-headed hydra
 13581 | D:11     | Noticed a two-headed ogre
 13614 | D:11     | Killed a two-headed ogre
 13615 | D:11     | Reached skill level 5 in Hexes
 13615 | D:11     | Reached skill level 5 in Summonings
 13615 | D:11     | Reached skill level 5 in Necromancy
 13615 | D:11     | Reached skill level 5 in Translocations
 13615 | D:11     | Reached skill level 5 in Transmutations
 13615 | D:11     | Reached skill level 5 in Fire Magic
 13615 | D:11     | Reached skill level 5 in Ice Magic
 13615 | D:11     | Reached skill level 5 in Air Magic
 13615 | D:11     | Reached skill level 5 in Earth Magic
 13615 | D:11     | Reached skill level 5 in Poison Magic
 14679 | D:10     | Noticed Fannar
 14883 | D:10     | Killed Fannar
 14884 | D:10     | Reached skill level 7 in Invocations
 15949 | D:10     | Killed Sonja
 16483 | D:10     | Noticed a two-headed ogre
 16502 | D:10     | Killed a two-headed ogre
 16503 | D:10     | Reached XP level 12. HP: 73/96 MP: 24/24
 16641 | D:10     | Found a staircase to the Orcish Mines.
 17634 | D:10     | Found a staircase to the Lair.
 17816 | D:9      | Bought the +2 hat of the Bear Spirit {Spirit, +Rage rN+
                  | Will++} for 899 gold pieces
 17816 | D:9      | Found the +2 hat of the Bear Spirit {Spirit, +Rage rN+
                  | Will++}
 18497 | D:12     | Noticed a five-headed hydra
 19173 | D:12     | Found Mudask's Gadget Shop.
 19223 | D:12     | Noticed a four-headed hydra
 19252 | D:12     | Noticed a six-headed hydra
 19256 | D:12     | Noticed a boulder beetle
 19888 | D:7      | Found Buahytz's General Store.
 20237 | D:12     | Reached skill level 8 in Invocations
 20453 | D:12     | Killed a four-headed hydra
 20864 | D:12     | Found Niegireti's Jewellery Emporium.
 21187 | D:12     | Reached skill level 10 in Fighting
 21201 | D:12     | Noticed a five-headed hydra
 21545 | D:12     | Killed a five-headed hydra
 21867 | D:12     | Identified the +2 robe "Edghafec" {rC+ Int+4}
 22551 | D:12     | Noticed an ettin
 22552 | D:12     | Noticed a two-headed ogre
 22583 | D:12     | Killed a two-headed ogre
 22595 | D:12     | Killed a five-headed hydra
 22596 | D:12     | Reached XP level 13. HP: 30/103 MP: 12/26
 23359 | D:12     | Killed an ettin
 23969 | D:13     | Found a gate to the Vaults.
 23969 | D:13     | Noticed a yaktaur captain
 23991 | D:13     | Reached skill level 9 in Invocations
 24002 | D:13     | Killed a yaktaur captain
 24351 | D:13     | Noticed an orc warlord
 24473 | D:12     | HP: 2/104 [orc warlord/+3 great sword of holy wrath (17)]
 24475 | D:12     | Killed an orc warlord
 26809 | D:13     | Reached skill level 10 in Spellcasting
 27634 | D:13     | Found a roughly hewn altar of Beogh.
 27900 | D:13     | Reached XP level 14. HP: 78/111 MP: 27/28
 29821 | D:14     | Found a runed translucent gate.
 29821 | D:14     | Found a runed translucent gate.
 29823 | D:14     | Found a runed translucent gate.
 29823 | D:14     | Found an opulent altar of Gozag.
 30044 | D:14     | Found Duvveq's Assorted Antiques.
 30044 | D:14     | Noticed Jaliuk's ghost (journeyman DECj)
 30057 | D:14     | Noticed Roxanne
 30108 | D:14     | Noticed Agnes
 30153 | D:14     | Killed Agnes
 30706 | D:14     | Reached skill level 10 in Invocations
 31965 | D:14     | Noticed a dire elephant
 32119 | Lair:1   | Entered Level 1 of the Lair of Beasts
 32225 | Lair:1   | Learned a level 4 spell: Petrify
 33831 | Lair:2   | Found a staircase to the Shoals.
 34061 | Lair:2   | Learned a level 2 spell: Blink
 34214 | Lair:2   | Found a gate leading to a gauntlet.
 34222 | Gauntlet | Entered a Gauntlet
 34222 | Gauntlet | Found a transporter.
 34231 | Gauntlet | Found a transporter.
 34234 | Gauntlet | Found a transporter.
 34235 | Gauntlet | Found a transporter.
 34244 | Gauntlet | Found a transporter.
 34246 | Gauntlet | Found a transporter.
 34247 | Gauntlet | Found a transporter.
 34258 | Gauntlet | Found a transporter.
 34259 | Gauntlet | Found a transporter.
 34259 | Gauntlet | Found a transporter.
 34261 | Gauntlet | Noticed a reaper
 34267 | Gauntlet | Found a transporter.
 34270 | Gauntlet | Found a transporter.
 34271 | Gauntlet | Found a transporter.
 34278 | Gauntlet | Found a runed translucent door.
 34281 | Gauntlet | Found a transporter.
 35310 | Gauntlet | Reached skill level 10 in Polearms
 35310 | Gauntlet | Reached skill level 10 in Throwing
 35310 | Gauntlet | Reached skill level 10 in Evocations
 35380 | Gauntlet | Got a scintillating diamond amulet
 35385 | Gauntlet | Identified the amulet "Umma Cyath" {RegenMP +Fly SInv} (You
                  | found it in a Gauntlet)
 35868 | Gauntlet | Got a transparent triple crossbow
 35872 | Gauntlet | Identified the Volume of Enchantment
 35896 | Lair:2   | Identified the cursed +0 triple crossbow "Oggic" {vorpal,
                  | Stlth+} (You found it in a Gauntlet)
 35902 | Lair:2   | Noticed SamuraiZach's ghost (journeyman TrFi)
 35948 | Lair:2   | Identified the +4 trident of Neemynef {vorpal, Fragile
                  | rN++}
 36034 | Lair:2   | Found a transporter.
 36034 | Lair:2   | Found a transporter.
 36047 | Lair:2   | Reached skill level 10 in Stealth
 36071 | Lair:2   | Identified the +4 trident of Ashenzari's Outrage
                  | {antimagic, *Rage Str+5 Int+4}
 36280 | Lair:2   | Found a bloodstained altar of Trog.
 36298 | Lair:2   | Reached XP level 15. HP: 119/119 MP: 29/29
 36663 | Lair:2   | Identified the Almanac of Dusty Flight
 38278 | Lair:4   | Found a staircase to the Snake Pit.
 38325 | Lair:4   | Reached skill level 10 in Short Blades
 38325 | Lair:4   | Reached skill level 10 in Long Blades
 38325 | Lair:4   | Reached skill level 10 in Axes
 38325 | Lair:4   | Reached skill level 10 in Maces & Flails
 38325 | Lair:4   | Reached skill level 10 in Staves
 38325 | Lair:4   | Reached skill level 10 in Slings
 38325 | Lair:4   | Reached skill level 10 in Bows
 38325 | Lair:4   | Reached skill level 10 in Crossbows
 38325 | Lair:4   | Reached skill level 10 in Armour
 38325 | Lair:4   | Reached skill level 10 in Dodging
 38325 | Lair:4   | Reached skill level 10 in Shields
 38325 | Lair:4   | Reached skill level 10 in Unarmed Combat
 39893 | Lair:5   | Reached skill level 11 in Invocations
 40176 | Lair:5   | Found a staircase to the Slime Pits.
 40309 | Lair:6   | Entered Level 6 of the Lair of Beasts
 41697 | Lair:5   | Reached XP level 16. HP: 104/127 MP: 29/31
 42581 | Lair:6   | Found the ring of the Tortoise {AC+8}
 42625 | Lair:6   | Got a smoking jade ring
 42626 | Lair:6   | Identified the ring "Eleillubi" {rF+ Will+ MP+9 Int+3
                  | Dex+4} (You found it on level 6 of the Lair of Beasts)
 43994 | D:15     | Entered Level 15 of the Dungeon
 45199 | D:15     | Found a staircase to the Depths.
 45647 | Orc:1    | Entered Level 1 of the Orcish Mines
 45722 | Orc:2    | Entered Level 2 of the Orcish Mines
 45722 | Orc:2    | Found a staircase to the Elven Halls.
 45781 | Orc:2    | Found Qeicytal's Antique Weapon Boutique.
 46007 | Orc:1    | Found a flagged portal.
 46142 | Bailey   | Entered a bailey
 47020 | Orc:1    | Reached skill level 12 in Invocations
 47464 | Orc:2    | Found Tooptan's Antique Armour Boutique.
 47477 | Orc:2    | Found Cengitug's Jewellery Shoppe.
 47940 | Orc:2    | Found Kez Fuck's General Store.
 48122 | Orc:1    | Reached XP level 17. HP: 110/135 MP: 33/33
 48444 | Orc:2    | Bought a scroll of blinking for 127 gold pieces
 49331 | Snake:1  | Entered Level 1 of the Snake Pit
 50549 | Snake:1  | Noticed Frances
 50607 | Snake:1  | Found Sodad's Jewellery Boutique.
 51086 | Snake:1  | Noticed Aizul
 51121 | Lair:4   | Killed Aizul
 51122 | Lair:4   | Reached skill level 10 in Conjurations
 51943 | Lair:4   | Killed Frances
 53606 | Snake:2  | Identified the ring "Wucla" {+Fly rElec rPois rF++ Slay-4}
 54507 | Snake:2  | Reached skill level 10 in Hexes
 54507 | Snake:2  | Reached skill level 10 in Summonings
 54507 | Snake:2  | Reached skill level 10 in Necromancy
 54507 | Snake:2  | Reached skill level 10 in Translocations
 54507 | Snake:2  | Reached skill level 10 in Transmutations
 54507 | Snake:2  | Reached skill level 10 in Fire Magic
 54507 | Snake:2  | Reached skill level 10 in Ice Magic
 54507 | Snake:2  | Reached skill level 10 in Air Magic
 54507 | Snake:2  | Reached skill level 10 in Earth Magic
 54507 | Snake:2  | Reached skill level 10 in Poison Magic
 55386 | Lair:6   | Got a shimmering plate armour
 55388 | Lair:6   | Identified the +3 plate armour of Ricrin {Int+5 Stlth+}
                  | (You found it on level 6 of the Lair of Beasts)
 56934 | Snake:3  | Got an ichor-stained kite shield
 56935 | Snake:3  | Identified the +7 kite shield of Autumn {rF+ Str+3} (You
                  | found it on level 3 of the Snake Pit)
 57165 | Snake:3  | Reached XP level 18. HP: 123/143 MP: 34/34
 58193 | Snake:3  | Bought a shimmering arbalest for 437 gold pieces
 58193 | Snake:3  | Bought a steaming hunting sling for 299 gold pieces
 58196 | Snake:3  | Identified the +7 arbalest of the Omega Point {freeze,
                  | rPois} (You bought it in a shop on level 3 of the Snake
                  | Pit)
 58199 | Snake:3  | Identified the +4 hunting sling of Pyromania {vorpal, rC+
                  | Str+3 Stlth+} (You bought it in a shop on level 3 of the
                  | Snake Pit)
 59450 | Snake:4  | Entered Level 4 of the Snake Pit
 60382 | Snake:4  | Reached skill level 13 in Invocations
 64264 | Snake:4  | Reached XP level 19. HP: 95/151 MP: 36/36
 65214 | Snake:4  | Got a serpentine rune of Zot
 65949 | Vaults:1 | Entered Level 1 of the Vaults
 67789 | Vaults:1 | Found a transporter.
 69342 | Vaults:2 | You fall into a shaft and drop 1 floor!
 69365 | Vaults:3 | Found a portal to a secret trove of treasure.
 69438 | Vaults:3 | Reached skill level 14 in Invocations
 69624 | Vaults:3 | Noticed a bone dragon
 69650 | Vaults:3 | Killed a bone dragon
 69870 | Vaults:3 | Found Pebad's Assorted Antiques.
 70414 | Vaults:3 | Reached XP level 20. HP: 145/160 MP: 37/37
 70882 | Vaults:2 | Noticed Margery
 71114 | Vaults:2 | Killed Margery
 71290 | Vaults:2 | Identified a scroll of acquirement
 71291 | Vaults:2 | Acquired a +2 pair of gloves of dexterity
 72110 | Vaults:2 | Noticed Frederick
 72128 | Vaults:2 | Killed Frederick
 73297 | Vaults:3 | Found a staircase to the Crypt.
 74862 | Vaults:3 | Reached XP level 21. HP: 159/167 MP: 39/39
 74926 | Vaults:3 | Learned a level 5 spell: Borgnjor's Vile Clutch
 74947 | Vaults:4 | Noticed Jory
 74984 | Vaults:4 | Killed Jory
 75252 | Vaults:4 | Acquired a +5 double sword of holy wrath
 75567 | Vaults:4 | Reached skill level 15 in Fighting
 76001 | Vaults:4 | Reached skill level 15 in Invocations
 76581 | Vaults:4 | Found Fiepre's Jewellery Boutique.
 77781 | Vaults:4 | Bought a cursed ring of teleportation for 45 gold pieces
 78362 | Shoals:1 | Entered Level 1 of the Shoals
 78754 | Shoals:1 | Found Symmacoh's Book Emporium.
 81681 | Shoals:3 | Noticed Jorgrun
 82056 | Shoals:3 | Killed Jorgrun
 82057 | Shoals:3 | Reached skill level 15 in Spellcasting
 82076 | Shoals:3 | Reached XP level 22. HP: 121/176 MP: 28/41
 82354 | Shoals:3 | Found Xijut's Island Escapes.
 82923 | Shoals:3 | Noticed Nikola
 82992 | Shoals:3 | Identified the ring of Eternal Harmony {rPois rF- Int+5
                  | SInv}
 83008 | Shoals:3 | Noticed Donald
 83032 | Shoals:3 | Killed Donald
 83217 | Shoals:3 | Noticed Louise
 83242 | Shoals:3 | Killed Louise
 83294 | Shoals:3 | Killed Nikola
 83537 | Shoals:4 | Entered Level 4 of the Shoals
 83577 | Shoals:4 | Found Boed's Magic Scroll Shop.
 83645 | Shoals:4 | Found Modeig's Gadget Emporium.
 84470 | Shoals:4 | Identified Acol's Catalogue of the Aerial Oath
 85503 | Shoals:4 | Got a barnacled rune of Zot
 85575 | Shoals:4 | Identified the Incunabulum of the Venomous Oath
 85861 | Depths:1 | Entered Level 1 of the Depths
 86367 | Depths:1 | Found a one-way gate leading to the halls of Pandemonium.
 86375 | Depths:1 | Found a gateway to Hell.
 86616 | Depths:1 | Paralysed by a floating eye for 3 turns
 86950 | Depths:1 | Found a gateway to a ziggurat.
 87018 | Depths:1 | Reached skill level 15 in Polearms
 87018 | Depths:1 | Reached skill level 15 in Throwing
 87018 | Depths:1 | Reached skill level 15 in Evocations
 87094 | Depths:1 | Reached skill level 15 in Stealth
 88206 | Depths:2 | Found Buacuw's Weapon Shop.
 88210 | Depths:2 | Found Nael's Jewellery Boutique.
 88211 | Depths:2 | Found Ticekluavy's Antique Armour Shop.
 88242 | Depths:2 | Reached skill level 16 in Invocations
 88429 | Depths:2 | Reached XP level 23. HP: 183/183 MP: 42/42
 89578 | Depths:2 | Reached skill level 15 in Short Blades
 89578 | Depths:2 | Reached skill level 15 in Long Blades
 89578 | Depths:2 | Reached skill level 15 in Axes
 89578 | Depths:2 | Reached skill level 15 in Maces & Flails
 89578 | Depths:2 | Reached skill level 15 in Staves
 89578 | Depths:2 | Reached skill level 15 in Slings
 89578 | Depths:2 | Reached skill level 15 in Bows
 89578 | Depths:2 | Reached skill level 15 in Crossbows
 89578 | Depths:2 | Reached skill level 15 in Armour
 89578 | Depths:2 | Reached skill level 15 in Dodging
 89578 | Depths:2 | Reached skill level 15 in Shields
 89578 | Depths:2 | Reached skill level 15 in Unarmed Combat
 89607 | Depths:2 | Noticed an ancient lich
 89636 | Depths:2 | Killed an ancient lich
 90492 | Depths:3 | Found a one-way gate to the infinite horrors of the Abyss.
 90821 | Depths:3 | Identified the +4 mace of the World {flame, Stlth+}
 90821 | Depths:3 | Identified the ring "Eruphaf" {EV+4 Dex+7 Stlth-}
 93311 | Depths:3 | Noticed a caustic shrike
 93314 | Depths:3 | Noticed a golden dragon
 93328 | Depths:3 | Killed a caustic shrike
 93344 | Depths:3 | Killed a golden dragon
 94033 | Depths:4 | Reached XP level 24. HP: 181/193 MP: 43/43
 95092 | Depths:4 | Identified the cursed +0 robe "Dust" {Regen+ Str+3 Dex+3}
 95727 | Depths:4 | Noticed a caustic shrike
 95737 | Depths:4 | Killed a caustic shrike
 95738 | Depths:4 | Reached skill level 17 in Invocations
 96527 | Depths:5 | Entered Level 5 of the Depths
 97066 | Depths:5 | Noticed a juggernaut
 97083 | Depths:5 | Killed a juggernaut
 98498 | Depths:5 | Reached XP level 25. HP: 163/201 MP: 43/43
 98586 | Depths:5 | Found a gate to the Realm of Zot.
 98747 | Depths:5 | Found a bloodstained altar of Trog.
 99695 | Elf:1    | Entered Level 1 of the Elven Halls
100230 | Elf:1    | Identified Xerr's Papyrus of Attacks
101494 | Elf:2    | Found a runed translucent gate.
101494 | Elf:2    | Found a runed translucent gate.
101494 | Elf:2    | Found a runed translucent gate.
102840 | Elf:3    | Entered Level 3 of the Elven Halls
103475 | Elf:3    | Identified the +4 long sword of Sofegrew {vorpal, rPois
                  | Int+5 Dex-3 Stlth+}
103487 | Elf:3    | Gained mutation: You are agile. (Dex +2) [a neqoxec]
103941 | Elf:3    | Identified the cursed +1 flail of the Five Heavens {elec,
                  | rF++ Will-}
104048 | Elf:3    | Identified the amulet of Guc Disu {Reflect rC+ SH+5}
104358 | Elf:3    | Identified the +7 scale mail "Yrgheaw" {+Inv rC- Regen+
                  | Str+3}
104452 | Elf:3    | Identified the cursed +1 leather armour "Osunitz" {rPois
                  | Regen+ Str+7 Int-3}
105457 | Elf:3    | Identified the Almanac of Sinister Secrets and Bewitchment
105481 | Elf:3    | Identified the Almanac of Feathers and Unholy Magic
105781 | Elf:3    | Got an ancient shortbow
105782 | Elf:3    | Identified the cursed +0 shortbow of the Hierophant {venom,
                  | Int+6 Dex-2} (You found it on level 3 of the Elven Halls)
105803 | Elf:3    | Got a shimmering plate armour
105804 | Elf:3    | Identified the +7 plate armour "Piqium" {Will++} (You found
                  | it on level 3 of the Elven Halls)
105846 | Elf:3    | Got a dazzling helmet
105847 | Elf:3    | Identified the cursed +0 helmet "Dusov" {Rampage Int+2}
                  | (You found it on level 3 of the Elven Halls)
106124 | Crypt:1  | Entered Level 1 of the Crypt
106148 | Crypt:1  | Reached XP level 26. HP: 194/209 MP: 44/44
106463 | Crypt:1  | Reached skill level 18 in Invocations
106613 | Crypt:1  | Found a runed translucent gate.
106614 | Crypt:1  | Found a runed translucent gate.
106614 | Crypt:1  | Found a runed translucent gate.
106614 | Crypt:1  | Found an ancient bone altar of Kikubaaqudgha.
106615 | Crypt:1  | Noticed an ancient lich
106621 | Crypt:1  | Got an iridescent arbalest
106622 | Crypt:1  | Identified the +7 arbalest "Corich" {speed, Fragile Int+3
                  | Dex+2} (You found it on level 1 of the Crypt)
106628 | Crypt:1  | Noticed an ancient lich
106628 | Crypt:1  | Noticed Houmnergh's ghost (master GnTm)
107630 | D:14     | Killed Roxanne
107897 | D:14     | Killed Jaliuk's ghost
108102 | D:9      | Killed StoneSoupSpirit's ghost
108257 | D:3      | Killed StoneSoupSpirit's ghost
108574 | Lair:2   | Killed SamuraiZach's ghost
110397 | Crypt:2  | Noticed Bai Suzhen
110423 | Crypt:2  | Killed Bai Suzhen
110859 | Crypt:3  | Entered Level 3 of the Crypt
111016 | Crypt:2  | HP: 15/310 [vampire knight/+3 dire flail of venom (8)]
111021 | Crypt:2  | HP: 10/312 [poisoned by a vampire knight]
111026 | Crypt:2  | HP: 4/313 [poisoned by a vampire knight]
111027 | Crypt:2  | HP: 1/209 [poisoned by a vampire knight]
113340 | Crypt:3  | Reached XP level 27. HP: 205/217 MP: 44/44
113355 | Crypt:3  | Reached skill level 15 in Conjurations
113398 | Crypt:3  | Learned a level 8 spell: Ignition
113602 | Crypt:3  | Found a staircase to the Tomb.
113823 | Crypt:3  | Noticed an ancient lich
114099 | Crypt:3  | Learned a level 1 spell: Apportation
114103 | Crypt:3  | Identified the Almanac of Stolen Souls
114850 | Lair:1   | Bought a scroll of acquirement for 884 gold pieces
114850 | Lair:1   | Bought a scroll of acquirement for 884 gold pieces
114855 | Lair:1   | Acquired 1042 gold pieces
114857 | Lair:1   | Acquired a +0 vampiric lajatang
114860 | Lair:1   | Bought the ring of Autumn {rPois rC+ Will+ Str+4 Dex+3} for
                  | 597 gold pieces
114867 | Lair:1   | Bought a pair of glowing boots for 330 gold pieces
114880 | Lair:1   | Bought a fine scale mail for 189 gold pieces
114880 | Lair:1   | Identified the +5 scale mail of the Pits of Slime {rElec
                  | rF+ Str-2 Int+4} (You bought it in a shop on level 1 of the
                  | Lair of Beasts)
114893 | Lair:1   | Bought a pair of dazzling gloves for 370 gold pieces
114893 | Lair:1   | Identified the +2 pair of gloves of Feasting {rF- rC+ Str+3
                  | Int+4} (You bought it in a shop on level 1 of the Lair of
                  | Beasts)
115475 | Slime:1  | Entered Level 1 of the Pits of Slime
115504 | Slime:1  | Gained mutation: You are weak. (Str -2) [a shining eye]
116986 | Slime:4  | Gained mutation: Your body sometimes deteriorates upon
                  | taking damage. [a shining eye]
117057 | Slime:4  | Reached skill level 15 in Hexes
117057 | Slime:4  | Reached skill level 15 in Summonings
117057 | Slime:4  | Reached skill level 15 in Necromancy
117057 | Slime:4  | Reached skill level 15 in Translocations
117057 | Slime:4  | Reached skill level 15 in Transmutations
117057 | Slime:4  | Reached skill level 15 in Fire Magic
117057 | Slime:4  | Reached skill level 15 in Ice Magic
117057 | Slime:4  | Reached skill level 15 in Air Magic
117057 | Slime:4  | Reached skill level 15 in Earth Magic
117057 | Slime:4  | Reached skill level 15 in Poison Magic
117830 | Slime:5  | Entered Level 5 of the Pits of Slime
117887 | Slime:5  | Noticed the Royal Jelly
118323 | Slime:5  | Found a viscous altar of Jiyva.
119215 | Slime:5  | Killed the Royal Jelly
119546 | Slime:5  | Identified the Guide on Combat Magic and Lightness
119552 | Slime:5  | Got a slimy rune of Zot
119553 | Slime:5  | Identified the Guide on Evil Transmutation
119584 | Slime:5  | Identified the Incunabulum of the Traveller and Malediction
119622 | Slime:5  | Reached skill level 19 in Invocations
120247 | Zot:1    | Entered Level 1 of the Realm of Zot
121674 | Zot:1    | Identified the Catalogue of Companions and Arcane Weapons
123031 | Zot:1    | Noticed an orb of fire
123183 | Zot:1    | Gained mutation: You tend to lose your temper in combat.
                  | [an orb of fire]
123191 | Zot:1    | Killed an orb of fire
124915 | Zot:2    | Reached skill level 20 in Invocations
125662 | Zot:2    | Noticed an orb of fire
125677 | Zot:2    | Gained mutation: Your body often deteriorates upon taking
                  | damage. [an orb of fire]
125690 | Zot:2    | Killed an orb of fire
126059 | Zot:3    | Noticed an orb of fire
126085 | Zot:3    | Killed an orb of fire
127553 | Zot:4    | Noticed an orb of fire
127576 | Zot:4    | Gained mutation: You are occasionally teleported next to
                  | monsters. [an orb of fire]
127577 | Zot:4    | Killed an orb of fire
129665 | Zot:4    | Reached skill level 21 in Invocations
129730 | Zot:4    | Paralysed by you for 4 turns
130682 | Zot:5    | Entered Level 5 of the Realm of Zot
130803 | Zot:5    | Noticed an orb of fire
130817 | Zot:5    | Noticed an orb of fire
130817 | Zot:5    | Noticed an orb of fire
130817 | Zot:5    | Noticed an orb of fire
130818 | Zot:5    | Noticed an ancient lich
130820 | Zot:5    | Noticed an orb of fire
130821 | Zot:5    | HP: 10/222 [komodo dragon[a yellow draconian stormcaller]
                  | (13)]
130824 | Zot:5    | HP: 3/222 [tentacled monstrosity (6)]
130824 | Zot:5    | HP: 1/222 [tentacled monstrosity (2)]
130825 | Zot:5    | Slain by a tentacled monstrosity

Illustrated notes

Levels and vault maps discovered:
D:1:      mrwooster_arrival_statue, layout_basic
D:2:      layout_basic, grunt_dithmenos_smoke_and_mirrors, marbit_many_paths,
          minmay_split_cup_small
D:3:      layout_basic, ebering_ghost_sewer_f, kennysheep_generic_room_10,
          uniq_natasha
D:4:      layout_basic, chequers_temple_overflow_minitemple, serial_park_tiny_1
D:5:      layout_layer_cave, uniq_grinder
D:6:      layout_basic, overflow_temple_1_default,
          minmay_temple_entry_mini_moons, kennysheep_generic_room_13
D:7:      layout_cave_pools, serial_shops, kennysheep_mini, kennysheep_diamond,
          kennysheep_generic_room_11, uniq_harold
D:8:      layout_loops_ring, hangedman_decor_clover_reticule
D:9:      layout_long_grid, serial_shops, shop_fountains,
          gammafunk_ghost_hydra_chop, uniq_psyche
D:10:     layout_loops_ring, david_lair_shrubbed,
          kennysheep_orc_monster_closet_entryway, uniq_sonja, uniq_fannar
D:11:     layout_irregular_city, portal_ice_cave_demonic_guard
D:12:     evilmike_diamond_2, layout_rooms, serial_shops, shop, shop,
          introduction_to_nature_2
D:13:     orc_temple, layout_basic, david_vaults_2
D:14:     layout_basic, chequers_big_river, ebering_ghost_gozag, uniq_agnes,
          uniq_roxanne
D:15:     gammafunk_enter_depths_forms, layout_basic
Temple:   compressed_dpeg_circular_temple
Lair:1:   dpeg_oklob_gauntlet, layout_hall_layers, grunt_megastairs_5
Lair:2:   layout_regular_city, minmay_shoals_entry_beasts,
          gammafunk_ghost_wrathful_warriors, gauntlet_entry_generic,
          minmay_lindwurm_lava
Lair:3:   layout_regular_city, lemuel_fruit_tree, infiniplex_staircase_pool_2,
          minmay_lair_oklob_chamber
Lair:4:   layout_layer_cave, minmay_snake_entry_spellcaster
Lair:5:   layout_hall_layers, minmay_slime_entry_oklob_enclosed
Lair:6:   gammafunk_lair_ancient_temple, layout_cave_pods
Shoals:1: layout_shoals, serial_shops, nicolae_shop_crystal
Shoals:2: cheibrodos_shoals_oceanic_diplomacy, layout_shoals
Shoals:3: layout_shoals, nicolae_island_escapes, uniq_donald, uniq_nikola,
          uniq_louise, uniq_jorgrun
Shoals:4: shoals_end_simple, layout_shoals, serial_shops, shop, shop
Snake:1:  layout_onion, serial_shops, shop, uniq_aizul, uniq_frances
Snake:2:  layout_cave_shapes, drop_trap
Snake:3:  layout_grid_maze, grunt_ministairs_9
Snake:4:  grunt_snake_rune_serpentine_throne, layout_chambers,
          nicolae_snake_springs, grunt_megastairs_2
Slime:1:  layout_caves
Slime:2:  layout_caves
Slime:3:  layout_caves
Slime:4:  layout_caves
Slime:5
Orc:1:    layout_diamond_mine, enter_bailey_8, abandoned_shop
Orc:2:    grunt_orc_gardens, layout_caves, grunt_orc_garden, grunt_orc_garden,
          grunt_orc_garden, grunt_orc_garden, mines_bat_river
Elf:1:    layout_loops_corners, minmay_elf_annihilation
Elf:2:    layout_onion_city
Elf:3:    minmay_elf_hall_furrowed, layout_loops_corners, minmay_misc_feat_cross
Vaults:1: emtedronai_trogs_sanctum, serial_ice_h, nicolae_vaults_theta,
          v_misc_28, ontoclasm_vaults_loading_screen,
          grunt_vaults_hallway_short, nicolae_vaults_theta,
          layout_vaults_omnicross
Vaults:2: st_squares, nicolae_vaults_puzzle_piece, ontoclasm_vaults_ring_square,
          ontoclasm_vaults_fault, nicolae_vaults_stairing_the_circle,
          nicolae_vaults_ring_of_whatevers, v_misc_15,
          ontoclasm_vaults_loading_screen, hangedman_vaults_stitches,
          vaults_mumra_hexcomb, grunt_vaults_twisty, vaults_room_corners,
          ontoclasm_vaults_twist, vaults_room_pools,
          ontoclasm_vaults_loading_screen, layout_vaults_ring, uniq_frederick,
          uniq_margery
Vaults:3: nicolae_vaults_triangles, v_misc_9, ontoclasm_vaults_tryst,
          minmay_crypt_entry_nasty_monster, hangedman_vaults_slither,
          nicolae_vaults_three_branches, hangedman_vaults_restitches,
          nicolae_vaults_angled_halls, dpeg_vaults_monster_row,
          layout_vaults_omnibox, enter_trove_2, serial_shops, shop
Vaults:4: nicolae_vaults_know_your_exits, nicolae_vaults_network_barrier,
          nicolae_vaults_big_ls, nicolae_vaults_alarming,
          layout_vaults_omnigrid, serial_shops, shop_fountains, uniq_jory
Crypt:1:  layout_misc_corridors, gammafunk_ghost_crypt
Crypt:2:  layout_gridlike, st_stairs_3, feat_on_display, grunt_megastairs_4,
          uniq_bai_suzhen
Crypt:3:  david_glass_crypt, layout_gridlike, nicolae_tomb_entry_rubble_hallway
Depths:1: layout_twisted_cross, enter_ziggurat_a, grunt_pan_entry_zigzag,
          hell_entry, minmay_crystal_water, kennysheep_generic_room_6
Depths:2: cheibrodos_cascadia, layout_cave_pools, kennysheep_cluttered_room,
          hell_entry, kennysheep_nondecorative_pillar, minmay_shop_star
Depths:3: minmay_the_grid_4x2 [minmay_the_grid_square_x, minmay_the_grid_mess,
          minmay_the_grid_minigrid_large, minmay_the_grid_broken_lines,
          minmay_the_grid_small_cups, minmay_the_grid_outer_diamond,
          minmay_the_grid_holed_spiral, minmay_the_grid_prize_shrinking_boxes],
          layout_small_grid, abyss_entry, pan_entry, glass_columns_b,
          hell_entry, minmay_hollow_rounded_squares
Depths:4: hangedman_arch_fort, layout_cave_shapes,
          nicolae_abyss_entry_one_way_or_another, hell_entry,
          hangedman_abyss_or_decor_lesser_grid, kennysheep_donut, drop_trap,
          st_stairs_5, kennysheep_generic_room_5,
          infiniplex_staircase_spiral_double
Depths:5: grunt_zot_entry_funnels, layout_gridlike, pan_entry,
          lemuel_statue_altar, hell_entry, hangedman_decor_points,
          serial_bayou_pond_d
Zot:1:    layout_concentric_octagons, hangedman_zot_diagonal_lockstep
Zot:2:    layout_basic, grunt_ministairs_12
Zot:3:    layout_cathedral_of_symmetry
Zot:4:    gammafunk_mikee_crab_dinner, layout_concentric_octagons
Zot:5:    layout_twisted_circle

Skill      XL: |  1  2  3  4  5  6  7  8  9 10 11 12 13 14 15 16 17 18 19 20 21 22 23 24 25 26 27 |
---------------+----------------------------------------------------------------------------------+-----
Conjurations   | 2 3 4 5 6 7 8 9 10 11 12 13 14 16 | 16.2
Spellcasting   | 5 6 7 8 9 10 11 12 13 14 15 16 17 19 | 19.1
Invocations    | 1 2 3 4 5 6 7 8 9 10 11 12 13 14 15 16 17 18 21 | 21.1
Short Blades   | 1 2 3 4 5 6 7 8 9 10 11 12 13 14 15 16 17 18 | 18.6
Long Blades    | 1 2 3 4 5 6 7 8 9 10 11 12 13 14 15 16 17 18 | 18.6
Axes           | 1 2 3 4 5 6 7 8 9 10 11 12 13 14 15 16 17 18 | 18.6
Maces & Flails | 1 2 3 4 5 6 7 8 9 10 11 12 13 14 15 16 17 18 | 18.6
Staves         | 1 2 3 4 5 6 7 8 9 10 11 12 13 14 15 16 17 18 | 18.6
Slings         | 1 2 3 4 5 6 7 8 9 10 11 12 13 14 15 16 17 18 | 18.6
Bows           | 1 2 3 4 5 6 7 8 9 10 11 12 13 14 15 16 17 18 | 18.6
Crossbows      | 1 2 3 4 5 6 7 8 9 10 11 12 13 14 15 16 17 18 | 18.6
Armour         | 1 2 3 4 5 6 7 8 9 10 11 12 13 14 15 16 17 18 | 18.6
Dodging        | 1 2 3 4 5 6 7 8 9 10 11 12 13 14 15 16 17 18 | 18.6
Shields        | 1 2 3 4 5 6 7 8 9 10 11 12 13 14 15 16 17 18 | 18.6
Unarmed Combat | 1 2 3 4 5 6 7 8 9 10 11 12 13 14 15 16 17 18 | 18.6
Hexes          | 1 2 3 4 5 6 7 8 9 10 11 12 13 14 16 | 16.1
Summonings     | 1 2 3 4 5 6 7 8 9 10 11 12 13 14 16 | 16.1
Necromancy     | 1 2 3 4 5 6 7 8 9 10 11 12 13 14 16 | 16.1
Translocations | 1 2 3 4 5 6 7 8 9 10 11 12 13 14 16 | 16.1
Transmutations | 1 2 3 4 5 6 7 8 9 10 11 12 13 14 16 | 16.1
Fire Magic     | 1 2 3 4 5 6 7 8 9 10 11 12 13 14 16 | 16.1
Ice Magic      | 1 2 3 4 5 6 7 8 9 10 11 12 13 14 16 | 16.1
Air Magic      | 1 2 3 4 5 6 7 8 9 10 11 12 13 14 16 | 16.1
Earth Magic    | 1 2 3 4 5 6 7 8 9 10 11 12 13 14 16 | 16.1
Poison Magic   | 1 2 3 4 5 6 7 8 9 10 11 12 13 14 16 | 16.1
Polearms       | 3 4 5 6 7 8 9 10 11 12 13 14 15 16 17 18 | 18.8
Throwing       | 3 4 5 6 7 8 9 10 11 12 13 14 15 16 17 18 | 18.8
Evocations     | 3 4 5 6 7 8 9 10 11 12 13 14 15 16 17 20 | 20.4
Stealth        | 3 4 5 6 7 8 9 10 11 12 13 14 15 16 17 18 | 18.8
Fighting       | 7 8 9 10 11 12 13 14 15 16 17 18 19 | 19.4

Action                   |  1- 3 |  4- 6 |  7- 9 | 10-12 | 13-15 | 16-18 | 19-21 | 22-24 | 25-27 || total
-------------------------+-------+-------+-------+-------+-------+-------+-------+-------+-------++-------
Melee: Spear             |   101 |   179 |    45 |       |       |       |       |       |       ||   325
       Bite              |     4 |    17 |    39 |   121 |   230 |   267 |   231 |   312 |   369 ||  1590
       Punch             |       |     1 |     2 |       |       |       |       |       |       ||     3
       Short sword       |       |       |   235 |   617 |   769 |       |       |       |       ||  1621
       Flail             |       |       |    80 |    89 |    40 |       |       |       |       ||   209
       Dagger            |       |       |       |    62 |    20 |       |       |       |       ||    82
       Long sword        |       |       |       |   276 |    19 |       |       |       |       ||   295
       Lajatang          |       |       |       |       |  1002 |  2243 |  1242 |  1726 |  1878 ||  8091
       Rapier            |       |       |       |       |     9 |       |       |       |       ||     9
 Fire: Arbalest          |       |       |       |       |       |   159 |   934 |   655 |  1676 ||  3424
Throw: Dart              |    16 |    41 |   127 |    64 |    68 |    19 |       |     2 |       ||   337
       Javelin           |       |       |       |    17 |    61 |    15 |    29 |    73 |    52 ||   247
 Cast: Petrify           |       |       |       |       |    17 |     9 |       |       |     1 ||    27
       Blink             |       |       |       |       |     4 |     1 |       |     1 |     2 ||     8
       Borgnjor's Vile C |       |       |       |       |       |       |     6 |     8 |    15 ||    29
       Apportation       |       |       |       |       |       |       |       |       |    95 ||    95
       Ignition          |       |       |       |       |       |       |       |       |     3 ||     3
Invok: Potion Petition   |       |       |     1 |     1 |     1 |       |     3 |     3 |     7 ||    16
       Call Merchant     |       |       |       |       |       |     4 |       |       |     5 ||     9
 Abil: Evoke Berserk Rag |       |       |       |       |     2 |     2 |     1 |     2 |       ||     7
       Evoke Flight      |       |       |       |       |       |     2 |    26 |    22 |       ||    50
Evoke: Wand              |       |       |     2 |    14 |     2 |       |       |     3 |       ||    21
       Phial of floods   |       |       |       |     1 |     2 |       |     2 |     1 |     2 ||     8
  Use: Scroll            |       |       |       |    15 |    12 |     9 |    11 |     3 |    13 ||    63
       Potion            |       |       |       |     2 |     3 |     2 |       |     4 |     5 ||    16
 Stab: Sleeping          |    15 |       |    13 |    15 |    16 |    18 |     5 |    16 |     1 ||    99
       Distracted        |       |       |     2 |     8 |     9 |    21 |     6 |    16 |    15 ||    77
       Confused          |       |       |     5 |       |       |       |       |       |       ||     5
       Paralysed         |       |       |       |     2 |       |       |       |       |       ||     2
       Petrified         |       |       |       |       |    14 |    12 |       |       |       ||    26
       Petrifying        |       |       |       |       |     7 |     1 |       |       |       ||     8
Armor: Robe              |     8 |    15 |     2 |       |       |       |       |       |       ||    25
       Ring mail         |       |       |    98 |   387 |   289 |       |       |       |       ||   774
       Skin              |       |       |       |    12 |     8 |       |       |       |     4 ||    24
       Quicksilver drago |       |       |       |       |   228 |   338 |   414 |   594 |   451 ||  2025
       Plate armour      |       |       |       |       |       |   620 |   231 |       |       ||   851
       Scale mail        |       |       |       |       |       |       |       |       |   329 ||   329
Dodge: Dodged            |    32 |    78 |   220 |   589 |  1038 |  1069 |  1131 |  1307 |  2101 ||  7565
Block: Buckler           |       |       |    42 |   195 |   134 |       |       |       |       ||   371
       Rpst.: Long sword |       |       |       |    27 |     1 |       |       |       |       ||    28
